 Dungeon Crawl Stone Soup version 0.26.0-10-g1f06aea511 (webtiles) character file.

Game seed: 8799215985515378329

469 MisterFreud the Conjurer (level 6, -2/41 HPs)
             Began as a Demonspawn Conjurer on Jan 30, 2021.
             Was an Initiate of Kikubaaqudgha.
             Killed by nerve-wracking pain
             ... invoked by an orc priest
              (8 damage)
             ... on level 4 of the Dungeon.
             The game lasted 00:08:41 (6259 turns).

MisterFreud the Conjurer (Demonspawn Conjurer)      Turns: 6259, Time: 00:08:41

Health: -2/41      AC:  2    Str:  7    XL:     6   Next: 82%
Magic:  9/9        EV: 12    Int: 22    God:    Kikubaaqudgha [......]
Gold:   269        SH:  0    Dex: 11    Spells: 4/9 levels left

rFire    . . .     SeeInvis .   l - +0 long sword
rCold    + . .     Faith    .   (no shield)
rNeg     . . .     Spirit   .   a - +0 robe
rPois    .         Reflect  .   (helmet restricted)
rElec    .         Harm     .   (no cloak)
rCorr    .         Rampage  .   (no gloves)
Will     +....                  (no boots)
Stlth    ++........             x - amulet of magic regeneration
HPRegen  0.13/turn              n - ring of willpower
MPRegen  0.36/turn              s - ring of protection from cold

@: no status effects
A: antennae 2, spiny 1, miasma immunity
a: Renounce Religion


You were on level 4 of the Dungeon.
You worshipped Kikubaaqudgha.
Kikubaaqudgha was noncommittal.
You visited 2 branches of the dungeon, and saw 5 of its levels.

You collected 269 gold pieces.

Inventory:

Hand Weapons
 l - a +0 long sword (weapon)
Missiles
 p - 5 javelins
 q - 15 poisoned darts
 t - 4 boomerangs
Armour
 a - a +0 robe (worn)
 e - a +0 buckler
Jewellery
 n - a ring of willpower (left hand)
 o - an uncursed ring of fire
 s - a ring of protection from cold (right hand)
 x - an amulet of magic regeneration (around neck)
Wands
 w - a wand of flame (15)
Scrolls
 b - 7 scrolls of identify {unknown}
 f - 2 scrolls of enchant armour {unknown}
 g - 2 scrolls of remove curse {unknown}
 h - 2 scrolls of blinking {unknown}
 i - 2 scrolls of enchant weapon {unknown}
 r - 4 scrolls of teleportation {unknown}
 u - a scroll of immolation {unknown}
 v - a scroll of amnesia {unknown}
 y - a scroll of fear {unknown}
Potions
 c - 3 potions of heal wounds
 d - a potion of haste
 j - a potion of curing {unknown}
 k - 2 potions of lignification {unknown}
 m - a potion of attraction {unknown}


   Skills:
 - Level 1.7 Dodging
 - Level 1.7 Stealth
 - Level 2.0 Spellcasting
 + Level 7.3 Conjurations
 + Level 3.4 Hexes


You had 4 spell levels left.
You knew the following spells:

 Your Spells              Type           Power        Failure   Level
a - Magic Dart            Conj           100%         1%          1
b - Fulminant Prism       Conj/Hex       13%          14%         4

Your spell library contained the following spells:

 Spells                   Type           Power        Failure   Level
 Searing Ray              Conj           68%          1%          2
 Dazzling Flash           Conj/Hex       52%          4%          3
 Iskenderun's Mystic Bla  Conj/Tloc      18%          30%         4


Dungeon Overview and Level Annotations

Branches:
Dungeon (4/15)             Temple (1/1) D:4

Altars:
Cheibriados
Dithmenos
Elyvilon
Fedhas
Kikubaaqudgha
Okawaru
Ru
Uskayaw
Wu Jian
Xom
Yredelemnul
Zin
The Shining One

Shops:
D:2 *

Annotations:
D:3 Robin


Innate Abilities, Weirdness & Mutations

You have a pair of antennae on your head.
You are partially covered in sharp spines.
You are immune to miasma.


Message History

Your fulminant prism explodes!
The blast of energy engulfs the orc priest!
You kill the orc priest!
Kikubaaqudgha accepts your kill. The blast of energy engulfs you!!
You hear a shout!
The orc priest shouts!
The orc priest invokes the aid of Beogh against you.
You resist with some effort.
The orc priest invokes the aid of Beogh against you.
Beogh smites you!
* * * LOW HITPOINT WARNING * * *
The orc priest is struck by your spines.
The orc priest hits you with a +0 mace.
* * * LOW HITPOINT WARNING * * *
There is an open door here.
The orc priest invokes the aid of Beogh against you.
Pain shoots through your body!
You die...
Kikubaaqudgha rasps: "You have failed me!
Welcome... death!"

#.#.# #... #.#.#
##.... #.#.#
....# #
#.#.##.........##
#
#....#..........
#
#....#..........#
# #.o..#........
# #.#'##......##
# #.#@##.....o..
# #{#.##...o....
# #.#..)........
# #{####<.......
# #.# ######+## #
#o# #.# #...{.ooo
#########


You could see an orc priest.

Vanquished Creatures
  An ogre (D:4)
  3 orc wizards
  3 orc priests
  Ijyb (D:4)
  A worker ant (D:4)
  7 adders
  2 adder skeletons (D:4)
  3 worms
  A dart slug (D:1)
  4 leopard geckos
  11 orcs
  8 bats
  4 giant cockroaches
  7 goblins
  5 hobgoblins
  2 jackals (D:2)
  2 quokkas
  6 frilled lizards
  5 kobolds
  10 rats
  A spectral orc (D:4)
87 creatures vanquished.

Vanquished Creatures (others)
  2 fulminant prisms (D:4)
  4 plants
6 creatures vanquished.

Grand Total: 93 creatures vanquished

Notes
Turn   | Place    | Note
-------+----------+-------------------------------------------
     0 | D:1      | MisterFreud the Demonspawn Conjurer began the quest for the
                  | Orb.
     0 | D:1      | Reached XP level 1. HP: 13/13 MP: 3/3
   164 | D:1      | Gained mutation: You have a pair of small antennae on your
                  | head. [demonic ancestry]
   164 | D:1      | Reached XP level 2. HP: 19/19 MP: 0/5
   964 | D:2      | Reached skill level 5 in Conjurations
   964 | D:2      | Gained mutation: You have a pair of antennae on your head.
                  | [demonic ancestry]
   964 | D:2      | Reached XP level 3. HP: 24/24 MP: 1/6
  1180 | D:2      | Found Zin's Purification Station.
  1184 | D:2      | Found a glowing silver altar of Zin.
  1458 | D:2      | Reached XP level 4. HP: 10/30 MP: 0/7
  1728 | D:2      | Found an ancient bone altar of Kikubaaqudgha.
  1730 | D:2      | Found a blossoming altar of Fedhas.
  2442 | D:3      | Identified the cursed +0 helmet "Cidgh" {rF+ MP+9 SInv}
  2442 | D:3      | Noticed Robin
  2462 | D:2      | Reached skill level 6 in Conjurations
  2462 | D:2      | HP: 1/30 [orc/+0 club (3)]
  2806 | D:3      | Learned a level 4 spell: Fulminant Prism
  3254 | D:3      | Gained mutation: You are partially covered in sharp spines.
                  | [demonic ancestry]
  3254 | D:3      | Reached XP level 5. HP: 35/35 MP: 5/8
  4217 | D:4      | Reached skill level 1 in Hexes
  4587 | D:4      | Noticed Ijyb
  4597 | D:4      | Killed Ijyb
  4598 | D:4      | Noticed an ogre
  4622 | D:4      | Killed an ogre
  4623 | D:4      | Reached skill level 7 in Conjurations
  4623 | D:4      | Gained mutation: You are immune to miasma. [demonic
                  | ancestry]
  4623 | D:4      | Reached XP level 6. HP: 23/41 MP: 1/9
  4881 | D:4      | Found a basalt altar of Yredelemnul.
  5240 | D:4      | Found a staircase to the Ecumenical Temple.
  5249 | Temple   | Entered the Ecumenical Temple
  5764 | D:2      | Became a worshipper of Kikubaaqudgha
  6259 | D:4      | Killed from afar by an orc priest

Illustrated notes

Levels and vault maps discovered:
D:1:      dpeg_arrival_pond, layout_loops_ring
D:2:      layout_rooms, grunt_temple_overflow_growth_and_decay, zin_purify,
          minmay_door_square, kennysheep_big_empty_room
D:3:      layout_loops_corners, corexii_hall_statues_s, minmay_crystal_room,
          serial_bayou_pond_e, uniq_robin
D:4:      layout_basic, yredelemnul_forgotten_temple_becter,
          minmay_temple_entry_mist, kennysheep_nub, uniq_ijyb
Temple:   compressed_dpeg_triangle_lava_temple

Skill      XL: |  1  2  3  4  5  6 |
---------------+-------------------+-----
Conjurations   | 5 6 7 |  7.3
Hexes          | 2 3 |  3.4
Dodging        | |  1.7
Stealth        | |  1.7
Spellcasting   | |  2.0

Action                   |  1- 3 |  4- 6 || total
-------------------------+-------+-------++-------
Melee: Unarmed           |    18 |       ||    18
       Long sword        |       |    22 ||    22
Throw: Dart              |       |     5 ||     5
 Cast: Magic Dart        |    62 |   128 ||   190
       Fulminant Prism   |       |     2 ||     2
  Use: Potion            |     1 |     3 ||     4
Armor: Robe              |     5 |     7 ||    12
Dodge: Dodged            |    18 |    25 ||    43
       Rpst.: Long sword |       |     7 ||     7
